 Dungeon Crawl Stone Soup version 0.27.1 (webtiles) character file.

Game seed: 10827178451965793837

557 OhItsWolfy the Cleaver (level 7, -1/64 HPs)
             Began as a Hill Orc Fighter on Aug 29, 2021.
             Slain by a gnoll (7 damage)
             ... on level 4 of the Dungeon.
             The game lasted 00:07:47 (3479 turns).

OhItsWolfy the Cleaver (Hill Orc Fighter)           Turns: 3479, Time: 00:07:47

Health: -1/64      AC: 15    Str: 21    XL:     7   Next: 30%
Magic:  7/7        EV:  3    Int:  8    God:
Gold:   167        SH:  9    Dex: 10    Spells: 6/6 levels left

rFire    . . .     SeeInvis .   a - +3 war axe
rCold    . . .     Faith    .   c - +0 kite shield
rNeg     . . .     Spirit   .   f - +0 plate armour
rPois    +         Reflect  .   k - +2 helmet
rElec    .         Harm     .   q - +0 cloak
rCorr    +         Rampage  .   (no gloves)
Will     .....                  (no boots)
Stlth    ..........             (no amulet)
HPRegen  0.20/turn              g - ring of resist corrosion
MPRegen  0.10/turn              l - ring of poison resistance

@: no status effects
A: no striking features
a: no special abilities


You were on level 4 of the Dungeon.
You visited 1 branch of the dungeon, and saw 4 of its levels.

You collected 167 gold pieces.

Inventory:

Hand Weapons
 a - a +3 war axe (weapon)
Armour
 c - a +0 kite shield (worn)
 f - a +0 plate armour (worn)
 k - a +2 helmet (worn)
 q - a +0 cloak (worn)
Jewellery
 g - a ring of resist corrosion (left hand)
 l - a ring of poison resistance (right hand)
Wands
 n - a wand of paralysis (6)
Scrolls
 e - a scroll of identify
 i - a scroll of amnesia {unknown}
 m - 2 scrolls of teleportation
Potions
 b - a potion of lignification {unknown}
 d - a potion of might
 h - 3 potions of curing {unknown}
 j - 2 potions of brilliance {unknown}
 o - a potion of attraction {unknown}
 p - a potion of flight {unknown}


   Skills:
 + Level 6.3 Fighting
 * Level 8.5 Axes
 - Level 3.2 Armour
 - Level 3.2 Shields


You had 6 spell levels left.
You didn't know any spells.
Your spell library contained the following spells:

 Spells                   Type           Power      Damage    Failure   Level
 Animate Skeleton         Necr           0%         N/A       100%        1
 Apportation              Tloc           0%         N/A       100%        1
 Corona                   Hex            0%         N/A       100%        1
 Summon Small Mammal      Summ           0%         N/A       100%        1
 Blink                    Tloc           N/A        N/A       100%        2
 Lesser Beckoning         Tloc           0%         N/A       100%        3
 Ozocubu's Armour         Ice            0%         N/A       100%        3
 Manifold Assault         Tloc           0%         N/A       100%        5
 Metabolic Englaciation   Hex/Ice        0%         N/A       100%        5
 Simulacrum               Ice/Necr       0%         N/A       100%        6


Dungeon Overview and Level Annotations

Branches:
Dungeon (4/15)
 Temple: D:4-7

Altars:
The Shining One


Message History

You block the gnoll's attack.
The gnoll sergeant hits you with a +0 spear.
The gnoll hits you from afar with a +0 spear.
You slash the gnoll sergeant!
The gnoll sergeant is heavily wounded.
You block the gnoll sergeant's attack. The gnoll hits you but does no damage.
You hit the gnoll sergeant but do no damage.
The gnoll sergeant is heavily wounded.
The gnoll sergeant hits you but does no damage.
The gnoll hits you from afar with a +0 spear.
* * * LOW HITPOINT WARNING * * *
You hit the gnoll sergeant.
The gnoll sergeant is severely wounded.
The gnoll sergeant hits you but does no damage.
The gnoll hits you but does no damage. You block the gnoll sergeant's attack.
The gnoll hits you from afar with a +0 spear.
* * * LOW HITPOINT WARNING * * *
You closely miss the gnoll sergeant.
The gnoll sergeant is severely wounded.
The gnoll sergeant hits you with a +0 spear.
* * * LOW HITPOINT WARNING * * *
You block the gnoll's attack.
You slash the gnoll sergeant!
You kill the gnoll sergeant!
You block the gnoll's attack.
The gnoll hits you from afar with a +0 spear.
* * * LOW HITPOINT WARNING * * *
The gnoll barely misses you.
There is an open door, spattered with blood here.
Items here: )))) [ †††.
Your plate armour prevents you from hitting the gnoll.
The gnoll hits you with a +0 spear.
* * * LOW HITPOINT WARNING * * *
You hit the gnoll.
The gnoll is moderately wounded.
You block the gnoll's attack.
You hit the gnoll.
The gnoll is severely wounded.
The gnoll hits you with a +0 spear!
You die...

#.##########.##############......
#................................
#.###########.########.#.........
#.# #^.##### #.#.....##.. #.#
≈≈≈≈≈≈≈###.#.....##.. #.#
##≈≈≈##≈#...+......+.. #.#
######≈#'#.#......#.. #.#
#...#≈≈....##.......# #'##
#).g@).....##.......# ...#
#...#≈≈....##.......# ...#
######≈....##........ ...######
#≈≈≈##≈.......###.... ...##...#
≈≈≈≈≈≈≈.........'.<.. ...##...#
###..###+#.######.... ...##...#
##. #..).....'.... ...'....# #
###.######.... ...#....######
##....#...###


You could see a gnoll.

Vanquished Creatures
  Sigmund (D:4)
  A black bear (D:3)
  A gnoll sergeant (D:4)
  A hound (D:4)
  Ijyb (D:4)
  Natasha (D:2)
  An iguana (D:4)
  Robin (D:2)
  4 gnolls (D:4)
  2 adders (D:4)
  An adder skeleton (D:4)
  2 worms
  A dart slug (D:2)
  2 orcs
  A bat (D:1)
  7 endoplasms
  6 giant cockroaches
  10 goblins
  6 hobgoblins
  2 quokkas
  4 ball pythons (D:2)
  3 frilled lizards
  6 kobolds
  4 rats
69 creatures vanquished.

Notes
Turn   | Place    | Note
-------+----------+-------------------------------------------
     0 | D:1      | OhItsWolfy the Hill Orc Fighter began the quest for the
                  | Orb.
     0 | D:1      | Reached XP level 1. HP: 19/19 MP: 1/1
   121 | D:1      | Reached skill level 3 in Axes
   447 | D:1      | Reached XP level 2. HP: 27/27 MP: 2/2
   669 | D:1      | Found a faded altar of an unknown god.
  1026 | D:2      | Noticed Robin
  1030 | D:2      | Reached skill level 4 in Axes
  1031 | D:2      | Reached XP level 3. HP: 23/33 MP: 3/3
  1040 | D:2      | Killed Robin
  1601 | D:2      | Noticed Natasha
  1610 | D:2      | Killed Natasha
  1611 | D:2      | Reached skill level 5 in Axes
  1611 | D:2      | Reached XP level 4. HP: 41/41 MP: 4/4
  2018 | D:3      | Found a glowing golden altar of the Shining One.
  2106 | D:3      | Noticed a black bear
  2113 | D:3      | Killed a black bear
  2114 | D:3      | Reached skill level 5 in Fighting
  2114 | D:3      | Reached skill level 6 in Axes
  2114 | D:3      | Reached XP level 5. HP: 38/48 MP: 5/5
  2995 | D:4      | Noticed Ijyb
  3002 | D:4      | Paralysed by Ijyb for 7 turns
  3012 | D:4      | Reached XP level 6. HP: 31/56 MP: 6/6
  3014 | D:4      | Paralysed by Ijyb for 4 turns
  3018 | D:4      | Killed Ijyb
  3019 | D:4      | Reached skill level 7 in Axes
  3275 | D:4      | Noticed Sigmund
  3281 | D:4      | Killed Sigmund
  3302 | D:4      | Reached XP level 7. HP: 63/63 MP: 7/7
  3315 | D:4      | Reached skill level 8 in Axes
  3479 | D:4      | Slain by a gnoll

Illustrated notes

Levels and vault maps discovered:
D:1:      dpeg_arrival_round_b, layout_basic,
          dreamdust_ecumenical_altar_angels_and_demons, chequers_mini_garden,
          minmay_misc_feat_cross
D:2:      layout_basic, hangedman_decor_slide_cut, st_stairs_3, uniq_robin,
          uniq_natasha
D:3:      wander_river, layout_basic, nicolae_tso_swordbearing_angel
D:4:      layout_basic, minmay_misc_feat_doors, lightli_minifort, uniq_ijyb,
          uniq_sigmund

Skill      XL: |  1  2  3  4  5  6  7 |
---------------+----------------------+-----
Axes           | 3 4 5 6 7 8 |  8.5
Fighting       | 4 5 6 |  6.3
Armour         | |  3.2
Shields        | |  3.2

Action                   |  1- 3 |  4- 6 |  7- 9 || total
-------------------------+-------+-------+-------++-------
Melee: War axe           |    74 |    97 |    25 ||   196
Evoke: Wand              |       |     2 |       ||     2
  Use: Scroll            |     1 |     5 |       ||     6
 Stab: Paralysed         |       |     3 |       ||     3
Armor: Scale mail        |    32 |       |       ||    32
       Plate armour      |     7 |    87 |    23 ||   117
Dodge: Dodged            |    13 |     6 |     4 ||    23
Block: Kite shield       |    30 |    45 |    17 ||    92
